AoeStats
← one a fish

Nomad

510943444Analyzed
2v2 RM · 5h ago on Oct 3, 2026· 54m 9s· 4 players
Game mode
Random Map
Map size
176×176
Population
200
Speed
Normal
Resources
Standard
Victory
Conquest
Starting age
Dark Age
Ending age
Imperial Age
RankedLock teamsTeams togetherTeam positionsShared explorationLock speedFull tech treeHidden civsTurbo modeCheats
Victory
Defeat
🇨🇳 Huns · China
695
+17
🇰🇷 Romans · South Korea
643
+19
🇬🇪 Georgians · Georgia
738
-19
🇮🇳 Franks · India
699
-17
moon32k
15:48 Feudal Age
16:25 Man-at-Arms
16:53 Double-Bit Axe
27:58 Castle Age
36:01 Long Swordsman
43:49 Imperial Age
43:15 Stone Mining
43:19 Gold Mining
45:46 Chemistry
46:04 Ballistas
50:06 Forging
53:09 Comitatenses
one a fish
14:32 Feudal Age
16:35 Double-Bit Axe
16:43 Horse Collar
20:58 Castle Age
21:49 Loom
22:40 Wheelbarrow
22:59 Bow Saw
22:53 Heavy Plow
35:08 Marauders
35:45 Stone Mining
35:45 Gold Mining
37:34 Gold Shaft Mining
37:40 Husbandry
37:51 Bloodlines
38:42 Forging
44:50 Imperial Age
ImperataR
5:28 Loom
15:34 Feudal Age
20:10 Double-Bit Axe
24:37 Man-at-Arms
26:15 Scale Mail Armor
28:01 Fishing Lines
35:42 Castle Age
36:43 Bow Saw
37:16 Gold Mining
37:16 Stone Mining
38:31 Pikeman
43:19 Stone Shaft Mining
45:09 Horse Collar
44:58 Light Cavalry
45:49 Bloodlines
46:25 Heavy Plow
49:35 Gillnets
53:38 Imperial Age
51:48 Husbandry
neville_longbottom
19:42 Feudal Age
22:32 Man-at-Arms
26:23 Fishing Lines
32:07 Double-Bit Axe
38:42 Castle Age
37:57 Forging
37:48 Scale Mail Armor
39:49 Gillnets
42:19 Stone Mining
42:20 Gold Mining
42:49 Medium Warships
43:15 Pikeman
43:41 Arson
43:57 Squires
43:43 Gambesons
48:18 Wheelbarrow
47:29 Town Watch
50:50 Imperial Age
49:15 Bow Saw
49:54 Hand Cart
49:25 Town Watch
51:40 Ballistics
51:27 Husbandry
51:43 Cavalier
53:09 Onager
55:08 Chemistry
Connection lost

Rejoining the realm…

Still unreachable

The connection could not be restored.

Session expired

The server has moved on; the page needs a fresh start.